 Dungeon Crawl Stone Soup version 0.18.1-50-g88ac8fd (webtiles) character file.

31091 magog001 the Spear-Bearer (level 13, -2/119 HPs)
             Began as a Minotaur Fighter on Dec 31, 2016.
             Was an Elder of Nemelex Xobeh.
             Slain by a deep elf knight
             ... wielding a cursed -2 shortbow
              (6 damage)
             ... on level 1 of the Elven Halls on Jan 6, 2017.
             The game lasted 02:15:28 (15428 turns).

magog001 the Spear-Bearer (Minotaur Fighter)       Turns: 15428, Time: 02:15:29

Health: -2/119     AC: 30    Str: 31    XL:     13   Next: 24%
Magic:  13/13      EV: 10    Int:  3    God:    Nemelex Xobeh [****..]
Gold:   1326       SH:  0    Dex:  7    Spells: 0 memorised, 12 levels left

rFire  + . .     SeeInvis .     p - +4 halberd (protect)
rCold  . . .     Gourm    .     B - +1 plate armour {rF+}
rNeg   . . .     Faith    .     (shield currently unavailable)
rPois  .         Spirit   .     (helmet restricted)
rElec  .         Dismiss  .     (no cloak)
rCorr  .         Reflect  .     l - +2 pair of gloves
SustAt .         Harm     .     z - +1 pair of boots
MR     .....                    (no amulet)
Stlth  ..........               N - +5 ring of slaying
                                C - ring of stealth

@: magic armour, drained, not resistant to hostile enchantments, extremely
unstealthy
A: retaliatory headbutt, horns 2, talons 1, clumsy 1, dopey 1, strong 2,
MP-powered wands
a: Triple Draw, Deal Four, Renounce Religion


You were on level 1 of the Elven Halls.
You worshipped Nemelex Xobeh.
Nemelex Xobeh was greatly pleased with you.
You were not hungry.

You visited 3 branches of the dungeon, and saw 14 of its levels.
You also visited: Ossuary.

You collected 1750 gold pieces.
You spent 403 gold pieces at shops.

Inventory:

Hand Weapons
 p - a +4 halberd of protection (weapon)
Missiles
 a - 27 tomahawks (quivered)
Armour
 l - a +2 pair of gloves (worn)
 z - a +1 pair of boots (worn)
 B - a +1 plate armour of fire resistance (worn)
Jewellery
 C - a ring of stealth (left hand)
 N - a +5 ring of slaying (right hand)
Wands
 r - a wand of enslavement (9/24)
 u - a wand of enslavement (12/24)
 E - a wand of confusion (31/48)
 F - a wand of paralysis (8/24)
 I - a wand of iceblast (7/15)
Scrolls
 j - a scroll of fog
 o - 6 scrolls of teleportation
 J - 2 scrolls of remove curse
 Q - a scroll of magic mapping
 R - a scroll of immolation
 Z - a scroll of blinking
Potions
 b - 3 potions of heal wounds
 d - a potion of might
 e - 2 potions of agility
 i - 2 potions of brilliance
 k - 2 potions of invisibility
 n - 4 potions of lignification
 q - 10 potions of curing
 s - a potion of cancellation
 t - a potion of magic {unknown}
 x - a potion of resistance {unknown}
 H - a potion of flight {unknown}
 O - a potion of beneficial mutation {unknown}
 P - 4 potions of mutation
 S - a potion of ambrosia {unknown}
Miscellaneous
 c - a plain deck of destruction {drawn: 2}
 g - an ornate deck of escape {drawn: 1}
 y - a plain deck of war {drawn: 2}
 A - a sack of spiders {used: 6}
 U - an ornate deck of escape
 V - an ornate deck of war
 X - a plain deck of destruction
 Y - an ornate deck of war {drawn: 1}
Comestibles
 f - 10 bread rations
 h - a beef jerky
 m - 2 slices of pizza
 L - 2 meat rations


   Skills:
 + Level 12.3(12.0) Fighting
   Level 0.7(0.5) Short Blades
   Level 3.7(9.3) Axes
 + Level 13.3(13.2) Polearms
 + Level 5.7(5.5) Throwing
 + Level 12.5(12.3) Armour
 + Level 5.9(5.7) Dodging
 * Level 9.1(8.8) Stealth
   Level 4.6(4.3) Shields
 + Level 2.5(2.3) Evocations


You had 12 spell levels left.
You didn't know any spells.

Dungeon Overview and Level Annotations

Branches:
Dungeon (11/15)            Temple (0/1) D:6            Lair (0/8) D:11
    Orc (2/2) D:11            Elf (1/3) Orc:2

Altars:
Ashenzari
Dithmenos
Elyvilon
Fedhas
Kikubaaqudgha
Makhleb
Nemelex Xobeh
Pakellas
Sif Muna
Trog
Vehumet
Xom
Zin
The Shining One
Beogh

Shops:
D:7 [*   Orc:2 ![[:


Innate Abilities, Weirdness & Mutations

You reflexively headbutt those who attack you in melee.
You have a pair of horns on your head.
You have sharp toenails.
You are clumsy. (Dex -2)
You are dopey. (Int -2)
Your muscles are very strong. (Str +4)
You expend magic power (3 MP) to strengthen your wands.


Message History

You hear a twanging sound.
An arrow appears from out of thin air!
The arrow hits you but does no damage.
You see here an arrow.
You close the door.
Something unseen opens the door.
Drink which item? (? for menu, Esc to quit)
You feel better.
You hear a twanging sound.
An arrow appears from out of thin air!
The arrow hits you but does no damage.
Evoke which item? (* to show all) (? for menu, Esc to quit)
You draw a card...
It is the Alchemist.
You feel better.
You feel your power returning. 21 of your gold pieces vanish!
Something hits you but does no damage.
The deep elf mage casts a spell.
The deep elf mage blinks!
You puncture something! Your headbutt misses something.
Something hits you but does no damage. The glaive of pain hits you from afar!!
* * * LOW HITPOINT WARNING * * *
Something hits you.
You die...
Your body glows with a rainbow of weird colours and disappears.

####### #### ##>....##
##...# ##.......##
#....§# ##.........##
.....§. #...........#
......)####...........#
#.§(({@..(.......#
######...........#
#...........#
##.........##
##'.......##
##.##...).##
##.#####'### ##.## #.#
#.## #.#


You could see a glaive of pain.

Vanquished Creatures
  Donald (Orc:2)
  Harold (Orc:1)
  3 ogre magi
  An ice dragon (Orc:2)
  Erica (Orc:1)
  A deep elf knight (Elf:1)
  A deep elf archer (Elf:1)
  3 hill giants
  2 orc knights
  3 deep elf magi
  An ugly thing (D:11)
  2 orc sorcerers
  A cyclops (D:11)
  Joseph (D:9)
  7 trolls
  A polar bear (Orc:2)
  14 two-headed ogres (Orc:2)
  An air elemental (Elf:1)
  A spriggan (D:7)
  11 yaks
  2 hungry ghosts
  2 vampire mosquitoes (D:10)
  A hippogriff (D:10)
  A naga (Orc:2)
  3 wargs
  Duvessa (D:6)
  A phantom (D:9)
  25 orc warriors
  A black bear (D:7)
  A wasp (D:11)
  3 sky beasts
  39 ogres
  A necrophage (D:7)
  3 centaurs
  2 wolves (Orc:2)
  7 big kobolds
  12 giant frogs
  A gnoll sergeant (D:11)
  Dowan (D:6)
  3 scorpions
  3 killer bees
  10 wights
  3 howler monkeys
  3 centaur zombies
  5 crimson imps
  2 giant frog zombies
  2 hounds
  14 orc priests
  3 centaur skeletons
  25 orc wizards
  2 iguanas
  2 hell rats
  6 worker ants
  A big kobold zombie (Ossuary)
  5 mummies (Ossuary)
  A worker ant zombie (D:5)
  14 adders
  9 gnolls
  4 river rats (D:5)
  2 shadow imps
  An ooze (Orc:2)
  An adder skeleton (D:4)
  6 worms
  5 giant geckos
  90 orcs
  9 giant cockroaches
  3 gnoll zombies (Ossuary)
  10 goblins
  4 hobgoblins
  8 jackals
  38 kobolds
  3 quokkas
  A ball python (Orc:2)
  3 bats
  A giant gecko skeleton (D:4)
  8 giant newts
  A kobold zombie (Ossuary)
  An orc zombie (Ossuary)
  2 quokka skeletons
  36 rats
  2 rat zombies (D:8)
  6 plants (D:4)
522 creatures vanquished.

Vanquished Creatures (collateral kills)
  4 yaks (D:10)
  An orc warrior (D:11)
  A big kobold (D:4)
  A hound (D:5)
  A giant frog skeleton (D:4)
  2 worker ants (D:4)
  A killer bee zombie (D:5)
  4 orcs
  A ball python (D:4)
  A giant cockroach (D:4)
  A quokka (D:5)
  A jackal skeleton (D:5)
  13 kobolds
32 creatures vanquished.

Vanquished Creatures (others)
  A very ugly thing (D:11)
  An ogre mage (Orc:2)
2 creatures vanquished.

Grand Total: 556 creatures vanquished

Notes
Turn   | Place    | Note
--------------------------------------------------------------
     0 | D:1      | magog001 the Minotaur Fighter began the quest for the Orb.
     0 | D:1      | Reached XP level 1. HP: 19/19 MP: 0/0
   205 | D:1      | Reached XP level 2. HP: 24/27 MP: 1/1
  1269 | D:1      | Reached XP level 3. HP: 33/33 MP: 2/2
  1591 | D:2      | Found a glowing silver altar of Zin.
  1591 | D:2      | Found a shimmering altar of Xom.
  1591 | D:2      | Noticed an angel
  1676 | D:2      | Found a shadowy altar of Dithmenos.
  2094 | D:3      | Reached XP level 4. HP: 40/40 MP: 3/3
  2096 | D:3      | Reached skill level 1 in Dodging
  2365 | D:3      | Noticed a giant frog
  2373 | D:3      | Killed a giant frog
  2373 | D:3      | Reached XP level 5. HP: 32/47 MP: 4/4
  2455 | D:3      | Found a sparkling altar of Nemelex Xobeh.
  2460 | D:3      | Became a worshipper of Nemelex Xobeh the Trickster
  2528 | D:3      | Found an ancient bone altar of Kikubaaqudgha.
  2528 | D:3      | Found an oddly glowing altar of Pakellas.
  2582 | D:3      | Received a gift from Nemelex Xobeh
  2715 | D:3      | Reached skill level 1 in Polearms
  2908 | D:4      | Reached skill level 5 in Armour
  3134 | D:4      | Reached XP level 6. HP: 52/53 MP: 5/5
  3542 | D:4      | Reached * piety under Nemelex Xobeh
  3560 | D:4      | Reached skill level 1 in Throwing
  3572 | D:4      | Noticed a sky beast
  3585 | D:4      | Killed a sky beast
  3740 | D:4      | Found a shattered altar of Ashenzari.
  3893 | D:4      | Reached skill level 1 in Stealth
  3925 | D:4      | Reached XP level 7. HP: 57/60 MP: 6/6
  4082 | D:4      | Got a shimmering plate armour
  4093 | D:4      | Identified the +1 plate armour of the Maze {+Inv Regen+ Dex-4 SInv} (You found it on level 4 of the Dungeon)
  4099 | D:4      | Received a gift from Nemelex Xobeh
  4191 | D:5      | Entered Level 5 of the Dungeon
  4374 | D:5      | Reached skill level 5 in Fighting
  4650 | D:5      | Found a glowing golden altar of the Shining One.
  4756 | D:5      | Found a bloodstained altar of Trog.
  4757 | D:5      | Found a radiant altar of Vehumet.
  4853 | D:5      | Reached skill level 2 in Polearms
  5174 | D:6      | Found a staircase to the Ecumenical Temple.
  5408 | D:6      | Noticed Duvessa
  5409 | D:6      | Noticed Dowan
  5416 | D:6      | Reached XP level 8. HP: 67/68 MP: 7/7
  5421 | D:6      | Killed Duvessa
  5434 | D:6      | Killed Dowan
  5434 | D:6      | Reached skill level 3 in Polearms
  5841 | D:7      | Reached skill level 4 in Polearms
  5877 | D:7      | Reached ** piety under Nemelex Xobeh
  5977 | D:7      | Found Viacw's Assorted Antiques.
  5985 | D:7      | Bought a scroll of remove curse for 75 gold pieces
  5985 | D:7      | Bought a bubbling amethyst potion for 22 gold pieces
  6041 | D:7      | Found Reib's Armour Shop.
  6160 | D:7      | Reached skill level 5 in Polearms
  6201 | D:7      | Reached XP level 9. HP: 75/78 MP: 8/8
  6330 | D:7      | Received a gift from Nemelex Xobeh
  6375 | D:7      | You fall through a shaft for 3 floors!
  6375 | D:10     | Entered Level 10 of the Dungeon
  6408 | D:10     | Reached skill level 6 in Polearms
  6663 | D:10     | Reached skill level 1 in Evocations
  6711 | D:9      | Reached skill level 7 in Polearms
  6785 | D:8      | Found a sand-covered staircase.
  6800 | Ossuary  | Entered an ossuary
  6980 | Ossuary  | Gained mutation: Your muscles are strong. (Str +2) [potion of mutation]
  6980 | Ossuary  | Gained mutation: You are dopey. (Int -2) [potion of mutation]
  6983 | Ossuary  | Gained mutation: You are clumsy. (Dex -2) [potion of mutation]
  6983 | Ossuary  | Gained mutation: Your muscles are very strong. (Str +4) [potion of mutation]
  7069 | D:8      | Received a gift from Nemelex Xobeh
  7233 | D:8      | Reached *** piety under Nemelex Xobeh
  7275 | D:8      | Received a gift from Nemelex Xobeh
  7644 | D:7      | Reached skill level 5 in Stealth
  7878 | D:7      | Found a deep blue altar of Sif Muna.
  7940 | D:7      | Reached XP level 10. HP: 84/88 MP: 9/9
  8013 | D:7      | Found a blossoming altar of Fedhas.
  8013 | D:7      | Found a white marble altar of Elyvilon.
  8252 | D:8      | Received a gift from Nemelex Xobeh
  8305 | D:8      | Reached skill level 8 in Polearms
  8397 | D:8      | Found a shattered altar of Ashenzari.
  8820 | D:9      | Reached **** piety under Nemelex Xobeh
  8847 | D:9      | Noticed Joseph
  8865 | D:9      | Killed Joseph
  8928 | D:9      | Received a gift from Nemelex Xobeh
  8983 | D:9      | Found a sparkling altar of Nemelex Xobeh.
  9533 | D:9      | Gained mutation: You expend magic power (3 MP) to strengthen your wands. [mutagenic meat]
  9534 | D:9      | Gained mutation: You have sharp toenails. [mutagenic meat]
  9834 | D:9      | Reached skill level 9 in Polearms
 10071 | D:10     | Received a gift from Nemelex Xobeh
 10123 | D:10     | Noticed a hill giant
 10134 | D:10     | Killed a hill giant
 10140 | D:10     | Reached skill level 10 in Armour
 10151 | D:10     | Reached XP level 11. HP: 25/97 MP: 10/10
 10355 | D:10     | Found a shattered altar of Ashenzari.
 10629 | D:11     | Found a staircase to the Lair.
 10823 | D:11     | Reached skill level 10 in Polearms
 10917 | D:11     | Found an oddly glowing altar of Pakellas.
 10918 | D:11     | Noticed a white very ugly thing
 10928 | D:11     | Noticed a deep elf mage
 10929 | D:11     | Killed a white very ugly thing
 10936 | D:11     | Killed a deep elf mage
 11172 | D:11     | Found a burning altar of Makhleb.
 11217 | D:11     | Reached skill level 5 in Dodging
 11248 | D:11     | Noticed a green ugly thing
 11250 | D:11     | Received a gift from Nemelex Xobeh
 11257 | D:11     | Killed a green ugly thing
 11257 | D:11     | Reached skill level 10 in Fighting
 11354 | D:11     | Noticed a hill giant
 11362 | D:11     | Killed a hill giant
 11367 | D:11     | Noticed a hill giant
 11375 | D:11     | Killed a hill giant
 11447 | D:11     | Found a staircase to the Orcish Mines.
 11494 | D:11     | Reached skill level 11 in Polearms
 11739 | Orc:1    | Entered Level 1 of the Orcish Mines
 11755 | Orc:1    | Noticed Erica
 11765 | Orc:1    | Killed Erica
 11869 | Orc:1    | Noticed an orc sorcerer
 11883 | Orc:1    | Killed an orc sorcerer
 11973 | Orc:1    | Noticed an orc knight
 11982 | Orc:1    | Killed an orc knight
 11982 | Orc:1    | Reached XP level 12. HP: 76/108 MP: 12/12
 12252 | Orc:1    | Noticed Harold
 12268 | Orc:1    | Killed Harold
 12280 | Orc:1    | Reached skill level 5 in Throwing
 12308 | Orc:1    | Received a gift from Nemelex Xobeh
 12461 | Orc:1    | Found a roughly hewn altar of Beogh.
 12549 | Orc:2    | Entered Level 2 of the Orcish Mines
 12549 | Orc:2    | Reached ***** piety under Nemelex Xobeh
 12566 | Orc:1    | Reached skill level 12 in Polearms
 12679 | Orc:2    | Found a staircase to the Elven Halls.
 12691 | Orc:2    | Noticed Donald
 13142 | Orc:2    | Killed Donald
 13234 | Orc:2    | Noticed an ice dragon
 13256 | Orc:2    | Killed an ice dragon
 13762 | Orc:2    | Noticed an ogre mage
 13762 | Orc:2    | Noticed an ogre mage
 13763 | Orc:2    | Noticed an ogre mage
 13763 | Orc:2    | Found Ferap's Armour Shop.
 13763 | Orc:2    | Found Dumurr's Distillery.
 13763 | Orc:2    | Noticed an ogre mage
 13801 | Orc:1    | Killed an ogre mage
 13803 | Orc:1    | Killed an ogre mage
 14157 | Orc:1    | You fall through a shaft!
 14183 | Orc:2    | Killed an ogre mage
 14570 | Orc:2    | Found a roughly hewn altar of Beogh.
 14666 | Orc:2    | Reached XP level 13. HP: 105/118 MP: 13/13
 14677 | Orc:2    | Reached skill level 13 in Polearms
 14956 | Orc:2    | Found Enaett's Book Shoppe.
 14956 | Orc:2    | Found Ydific's Antique Armour Shop.
 14966 | Orc:2    | Bought a potion of heal wounds for 85 gold pieces
 14966 | Orc:2    | Bought 2 potions of heal wounds for 170 gold pieces
 14966 | Orc:2    | Bought a potion of curing for 51 gold pieces
 15105 | Elf:1    | Entered Level 1 of the Elven Halls
 15420 | Elf:1    | HP: 1/119 [something (12)]
 15428 | Elf:1    | HP: 4/119 [glaive of pain (18)]
 15428 | Elf:1    | Slain by a deep elf knight

Skill      XL: |  1  2  3  4  5  6  7  8  9 10 11 12 13 |
---------------+----------------------------------------+-----
Armour         | 4 5 6 8 10 11 12 | 12.5
Fighting       | 4 5 6 7 9 10 12 | 12.3
Shields        | 4 |  4.6
Dodging        | 2 3 4 5 |  5.9
Axes           | 3 |  3.7
Polearms       | 1 2 5 7 9 11 12 13 | 13.3
Throwing       | 2 4 5 |  5.7
Stealth        | 1 2 3 5 6 7 8 9 |  9.1
Evocations     | 1 2 |  2.5
Short Blades   | |  0.7

Action                   |  1- 3 |  4- 6 |  7- 9 | 10-12 | 13-15 || total
-------------------------+-------+-------+-------+-------+-------++-------
Melee: War axe           |    49 |       |       |       |       ||    49
       Headbutt          |    14 |    12 |    49 |    89 |    17 ||   181
       Dagger            |    19 |       |       |       |       ||    19
       Halberd           |    17 |    73 |   366 |   538 |    74 ||  1068
       Broad axe         |       |       |       |    20 |       ||    20
 Fire: Blowgun           |       |    72 |    70 |       |       ||   142
Throw: Tomahawk          |       |       |       |    40 |     1 ||    41
 Abil: Evoke Invisibilit |       |       |     1 |       |       ||     1
Evoke: Deck              |       |     3 |     5 |     8 |     4 ||    20
       Sack of spiders   |       |     2 |     2 |     2 |       ||     6
       Wand              |       |       |       |     9 |     2 ||    11
  Use: Scroll            |     6 |     7 |    15 |     2 |       ||    30
       Potion            |       |     2 |     2 |     9 |     1 ||    14
 Stab: Distracted        |       |       |     1 |       |       ||     1
  Eat: Chunk             |     4 |     6 |    11 |    20 |     1 ||    42
       Bread ration      |       |       |     2 |     1 |       ||     3
       Fruit             |       |       |     1 |     1 |       ||     2
       Meat ration       |       |       |     1 |       |       ||     1
       Royal jelly       |       |       |     1 |       |       ||     1
       Beef jerky        |       |       |       |     1 |     1 ||     2
Armor: Scale mail        |    37 |    30 |       |       |       ||    67
       Ring mail         |       |    47 |     1 |       |       ||    48
       Plate armour      |       |       |   394 |   395 |    50 ||   839
       Skin              |       |       |       |    37 |       ||    37
Dodge: Dodged            |    34 |    99 |   205 |   218 |    49 ||   605
Block: Shield            |    37 |       |       |    22 |       ||    59
